 Dungeon Crawl Stone Soup version 0.27-a0-1200-g94dc6ad4cf (webtiles) character file.

Game seed: 14661178565287431166

1945 27snakeeyes612 the Covered (level 9, -4/54 HPs)
             Began as a Gargoyle Fighter on May 31, 2021.
             Was an Initiate of Okawaru.
             Slain by an orc warrior
             ... wielding a +0 halberd
              (18 damage)
             ... on level 7 of the Dungeon.
             The game lasted 00:07:48 (9415 turns).

27snakeeyes612 the Covered (Gargoyle Fighter)       Turns: 9415, Time: 00:07:48

Health: -4/54      AC: 15    Str: 23    XL:     9   Next: 18%
Magic:  9/9        EV:  9    Int:  9    God:    Okawaru [......]
Gold:   324        SH: 10    Dex:  9    Spells: 8/8 levels left

rFire    . . .     SeeInvis .   n - +3 mace (freeze)
rCold    . . .     Faith    .   c - +0 kite shield
rNeg     + . .     Spirit   .   b - +0 scale mail
rPois    ∞         Reflect  .   F - +0 helmet
rElec    +         Harm     .   (no cloak)
rCorr    .         Rampage  .   (no gloves)
Will     .....                  (no boots)
Stlth    ..........             (no amulet)
HPRegen  0.18/turn              (no ring)
MPRegen  0.11/turn              (no ring)

@: no status effects
A: sickness immunity, AC +6, negative energy resistance 1, electricity
resistance, torment resistance 1, petrification resistance
a: Renounce Religion


You were on level 7 of the Dungeon.
You worshipped Okawaru.
Okawaru was noncommittal.
You visited 2 branches of the dungeon, and saw 8 of its levels.

You collected 324 gold pieces.

Inventory:

Hand Weapons
 a - a +0 flail
 n - a +3 mace of freezing (weapon)
 B - a +3 whip
Missiles
 t - a throwing net
 D - 3 atropa-tipped darts
Armour
 b - a +0 scale mail (worn)
 c - a +0 kite shield (worn)
 F - a +0 helmet (worn)
Jewellery
 d - a ring of protection from cold
 l - an amulet of the acrobat
 y - a ring of positive energy
Wands
 o - a wand of digging (4)
 u - a wand of iceblast (8) (quivered)
 C - a wand of flame (9)
Scrolls
 e - 2 scrolls of magic mapping
 f - a scroll of enchant weapon {unknown}
 g - a scroll of torment {unknown}
 h - 2 scrolls of noise {unknown}
 j - a scroll of fear {unknown}
 k - 2 scrolls of brand weapon {unknown}
 p - a scroll of immolation {unknown}
 v - 2 scrolls of enchant armour {unknown}
 w - 6 scrolls of identify {unknown}
 x - 2 scrolls of teleportation {unknown}
Potions
 i - 2 potions of curing
 m - a potion of ambrosia
 q - 2 potions of mutation {unknown}
 r - a potion of haste {unknown}
 s - a potion of magic {unknown}
 z - a potion of lignification {unknown}
 A - 3 potions of flight {unknown}
 E - 2 potions of brilliance {unknown}


   Skills:
 + Level 5.4 Fighting
 + Level 6.5 Maces & Flails
 + Level 0.1 Throwing
 + Level 7.2 Armour
 + Level 2.7 Dodging
 + Level 1.2 Stealth
 + Level 7.0 Shields
 + Level 0.5 Evocations


You had 8 spell levels left.
You didn't know any spells.
Your spell library contained the following spells:

 Spells                   Type           Power      Damage    Failure   Level
 Animate Skeleton         Necr           0%         N/A       95%         1
 Apportation              Tloc           0%         N/A       95%         1
 Corona                   Hex            0%         N/A       95%         1
 Summon Small Mammal      Summ           0%         N/A       95%         1
 Call Imp                 Summ           0%         N/A       98%         2
 Call Canine Familiar     Summ           0%         N/A       100%        3
 Summon Guardian Golem    Hex/Summ       0%         N/A       100%        3
 Summon Ice Beast         Ice/Summ       0%         N/A       100%        4
 Summon Lightning Spire   Summ/Air       0%         N/A       100%        4


Dungeon Overview and Level Annotations

Branches:
Dungeon (7/15)             Temple (1/1) D:5

Altars:
Ashenzari
Cheibriados
Dithmenos
Elyvilon
Fedhas
Gozag
Hepliaklqana
Kikubaaqudgha
Makhleb
Nemelex Xobeh
Okawaru
Qazlal
Ru
Sif Muna
Trog
Uskayaw
Vehumet
Wu Jian
Xom
Yredelemnul
Zin
The Shining One

Shops:
D:5 (   D:6 (


Innate Abilities, Weirdness & Mutations

You are immune to sickness and miasma.
Your stone body is resilient. (AC +6)
You are immune to poison.
You resist negative energy. (rN+)
You are resistant to electric shocks. (rElec)
You are resistant to unholy torment.
You are immune to petrification.


Message History

You hit the orc warrior. You freeze the orc warrior.
The orc warrior is heavily wounded.
You block the orc's attack. The orc warrior barely misses you.
The orc hits you but does no damage.
You hit the orc warrior. You freeze the orc warrior.
The orc warrior is severely wounded.
You block the orc warrior's attack. You block the orc's attack.
You barely miss the orc warrior.
The orc warrior is severely wounded.
You block the orc warrior's attack. You block the orc's attack.
You barely miss the orc warrior.
The orc warrior is severely wounded.
The orc warrior hits you with a +0 halberd!
You block the orc's attack.
The orc warrior hits you with a +0 halberd!
* * * LOW HITPOINT WARNING * * *
You are too injured to fight recklessly!
You are too injured to fight recklessly!
You are too injured to fight recklessly!
You are too injured to fight recklessly!
You are too injured to fight recklessly!
You are too injured to fight recklessly!
You are too injured to fight recklessly!
You are too injured to fight recklessly!
You are too injured to fight recklessly!
You are too injured to fight recklessly!
You are too injured to fight recklessly!
You are too injured to fight recklessly!
Your shield and scale mail prevent you from hitting the orc warrior.
The orc warrior is severely wounded.
You block the orc's attack. The orc warrior misses you.
You closely miss the orc warrior.
The orc warrior is severely wounded.
The orc hits you with a +0 hand axe.
* * * LOW HITPOINT WARNING * * *
The orc warrior barely misses you. The orc hits you but does no damage.
You closely miss the orc warrior.
The orc warrior is severely wounded.
The orc warrior hits you with a +0 halberd!!
You die...

..............##
#.##
.......$.......# #.#
...............#
##.#
...............#
###..#
...............#
#...##
...............#
#.###
.............Fo# #.#
............Yoo# #.#
.......#.....#@# #.#
.#####.###.###.###.#
#. #..##.....# ..
##..##...## .=
##.##..## #..
#.....# ###.#.#
#...# ..###


You could see an orc warrior, an ice beast, a bullfrog and 2 orcs.

Vanquished Creatures
  2 steam dragons (D:6)
  A water moccasin (D:6)
  2 black bears
  An ice beast (D:5)
  A sky beast (D:5)
  A necrophage (D:3)
  An ogre (D:6)
  A centaur (D:6)
  Blork the orc (D:6)
  A bullfrog (D:6)
  5 killer bees (D:4)
  A wight (D:6)
  2 centaur skeletons
  2 hounds
  3 iguanas (D:5)
  2 jellies
  A bullfrog skeleton (D:5)
  Ijyb (D:4)
  An orc wizard (D:6)
  12 gnolls
  6 adders
  A white imp (D:6)
  2 ufetubi
  5 worms
  3 dart slugs
  8 orcs
  8 ball pythons
  6 endoplasms
  4 giant cockroaches
  4 hobgoblins
  12 jackals
  4 quokkas (D:4)
  8 bats
  A frilled lizard (D:1)
  8 goblins
  3 kobolds
  A quokka zombie (D:6)
  8 rats
  A rat zombie (D:6)
135 creatures vanquished.

Vanquished Creatures (others)
  3 orcs (D:6)
  2 plants (D:5)
5 creatures vanquished.

Grand Total: 140 creatures vanquished

Notes
Turn   | Place    | Note
-------+----------+-------------------------------------------
     0 | D:1      | 27snakeeyes612 the Gargoyle Fighter began the quest for the
                  | Orb.
     0 | D:1      | Reached XP level 1. HP: 14/14 MP: 1/1
   325 | D:1      | Reached XP level 2. HP: 19/19 MP: 2/2
   637 | D:1      | Reached XP level 3. HP: 23/23 MP: 3/3
  1290 | D:1      | Reached XP level 4. HP: 12/28 MP: 4/4
  1820 | D:2      | Found a faded altar of an unknown god.
  3081 | D:3      | Noticed a necrophage
  3105 | D:3      | Killed a necrophage
  3106 | D:3      | Reached XP level 5. HP: 18/33 MP: 5/5
  3667 | D:3      | Reached XP level 6. HP: 34/38 MP: 6/6
  3673 | D:3      | Reached skill level 1 in Dodging
  3926 | D:4      | Noticed a black bear
  4332 | D:4      | Killed a black bear
  4333 | D:4      | Reached skill level 5 in Armour
  5123 | D:4      | Reached XP level 7. HP: 37/43 MP: 7/7
  5289 | D:4      | Reached skill level 5 in Shields
  5864 | D:4      | Noticed Ijyb
  5937 | D:4      | Killed Ijyb
  6406 | D:5      | Entered Level 5 of the Dungeon
  6423 | D:5      | Found a staircase to the Ecumenical Temple.
  6444 | D:5      | Found Mist's Antique Weapon Boutique.
  6454 | D:5      | Reached skill level 5 in Maces & Flails
  6454 | D:5      | Reached XP level 8. HP: 33/48 MP: 8/8
  6885 | Temple   | Entered the Ecumenical Temple
  8266 | D:6      | Noticed Blork the orc
  8272 | D:6      | Killed Blork the orc
  8401 | D:6      | Found Kiox Hoy's Weapon Emporium.
  8421 | D:6      | Reached skill level 5 in Fighting
  8760 | D:6      | Found an iron altar of Okawaru.
  8775 | D:6      | Became a worshipper of Warmaster Okawaru
  8915 | D:6      | Reached skill level 1 in Stealth
  8925 | D:6      | Reached XP level 9. HP: 32/54 MP: 9/9
  9415 | D:7      | Slain by an orc warrior

Illustrated notes

Levels and vault maps discovered:
D:1:      kilobyte_arrival_exit_the_forest, layout_basic
D:2:      layout_basic, ebering_ecumenical_altar_rust, minivault_14
D:3:      layout_basic
D:4:      layout_loops_ring, gup_sewer_entry_spiral, hangedman_decor_push,
          hex_large, minmay_pentomino_pile, uniq_ijyb
D:5:      layout_basic, minmay_temple_entry_glass, serial_shops,
          nicolae_shop_overgrown_old_shop
D:6:      layout_gridville, okawaru_gym_becter, serial_shops, shop,
          enter_ossuary_4, uniq_blork_the_orc
D:7:      layout_rooms, enter_bailey_6
Temple:   compressed_dpeg_triangle_lava_temple

Skill      XL: |  1  2  3  4  5  6  7  8  9 |
---------------+----------------------------+-----
Shields        | 4 5 6 7 |  7.0
Armour         | 4 5 6 7 |  7.2
Maces & Flails | 3 4 5 6 |  6.5
Dodging        | 1 2 |  2.7
Fighting       | 4 5 |  5.4
Stealth        | 1 |  1.2
Throwing       | |  0.1
Evocations     | |  0.5

Action                   |  1- 3 |  4- 6 |  7- 9 || total
-------------------------+-------+-------+-------++-------
Melee: Flail             |   131 |   228 |    20 ||   379
       Whip              |       |       |   380 ||   380
       Mace              |       |       |    13 ||    13
Throw: Throwing net      |       |     2 |     1 ||     3
Evoke: Wand              |       |       |     8 ||     8
  Use: Potion            |       |       |     8 ||     8
       Scroll            |       |       |     1 ||     1
Armor: Scale mail        |    61 |   153 |   206 ||   420
Dodge: Dodged            |    65 |   104 |   143 ||   312
Block: Kite shield       |    85 |   184 |   215 ||   484

Table legend: (Time is in decaauts)
 A = Elapsed time spent in this place.
 B = Non-inter-level travel time spent in this place.
 C = Inter-level travel time spent in this place.
 D = Time resting spent in this place.
 E = Time spent auto-exploring this place.
 F = Levels seen in this place.
 G = Mean time per level.
                   A        B        C        D        E       F      G
               +--------+--------+--------+--------+--------+-----+--------+
         Total |   9700 |   9159 |    541 |   1591 |   5807 |   8 | 1212.5 |
       Dungeon |   9453 |   8923 |    530 |   1591 |   5623 |   7 | 1350.4 |
        Temple |    247 |    236 |     11 |      0 |    184 |   1 |  247.0 |
               +--------+--------+--------+--------+--------+-----+--------+

Top non-repeatable levels by time:
     D:4: 2185 daAuts
     D:1: 1756 daAuts
     D:5: 1595 daAuts
     D:2: 1492 daAuts
     D:3: 1256 daAuts
     D:6: 1090 daAuts
  Temple: 247 daAuts
     D:7: 77 daAuts
